cohdb
Replays
Latest Replays
All Replays
Popular Replays
Top Player Replays
Match Explorer
How It Works
Community
CoH3 Stats
Reddit
Sign in to upload your games and track your stats! →
Sign in with Steam
Match 46686703
Unlisted
Match 46686703
Overview
Messages
Build Orders
End
Scout Squad
Construct Weapon Support Center
M1919 Machine Gun Team
Bazooka Squad
M1919 Machine Gun Team
Infantry Support Center
Selects Heavy Weapons
Selects Assault Carriers
M3 Assault Carrier
Construct Medical Station
Construct Medical Station
M3 Assault Carrier
Selects Exchangeable Parts
Engineer Squad
Selects M2HB .50cal Heavy Machine Gun
M3 Assault Carrier
Construct Barracks
Riflemen Squad
Riflemen Squad
M1918 Browning Automatic Rifles
Riflemen Squad
Bazooka Squad
Bazooka Squad
Improved M9 Bazooka Rockets
Bazooka Squad
Grenade Package
Riflemen Squad
Friend Simulator
Corrupted Sun
Cpt Darling
Walker
0
0
Comments
sign in to comment!
No comments posted yet!